 Dungeon Crawl Stone Soup version 0.30-a0-118-ga018f8e90f (webtiles) character file.

Game seed: 15738559060532374443

53 writerjack the Firebug (level 3, 0/31 HPs)
             Began as an Ogre Fire Elementalist on Sept 13, 2022.
             Succumbed to an adder's poison
             ... on level 2 of the Dungeon.
             The game lasted 00:09:21 (2676 turns).

writerjack the Firebug (Ogre Fire Elementalist)     Turns: 2676, Time: 00:09:21

Health: 0/31       AC:  3    Str: 12    XL:     3   Next: 87%
Magic:  2/7        EV:  9    Int: 18    God:
Gold:   92         SH:  0    Dex:  9    Spells: 5/8 levels left

rFire   . . .      SeeInvis .    e - +0 dagger
rCold   + . .      Faith    .    (no shield)
rNeg    . . .      Spirit   .    a - +0 robe
rPois   .          Reflect  .    (helmet restricted)
rElec   .          Harm     .    (no cloak)
rCorr   .          Rampage  .    (gloves unavailable)
Will    .....                    (boots unavailable)
Stlth   +.........               (no amulet)
HPRegen 0.10/turn                g - ring of protection from cold
MPRegen 0.10/turn                (no ring)

@: lethally poisoned (0 -> -3)
A: large, unfitting armour, tough skin 1
a: no special abilities


You were on level 2 of the Dungeon.
You visited 1 branch of the dungeon, and saw 3 of its levels.

You collected 92 gold pieces.

Inventory:

Hand Weapons
 e - a +0 dagger (weapon)
Armour
 a - a +0 robe (worn)
Jewellery
 g - a ring of protection from cold (left hand)
Scrolls
 c - 2 scrolls of noise {unknown}
 d - 2 scrolls of teleportation {unknown}
 f - 2 scrolls of identify {unknown}
Potions
 b - a potion of magic
 h - a potion of berserk rage {unknown}
 i - a potion of mutation {unknown}
 j - a potion of experience {unknown}
 k - a potion of curing


   Skills:
 - Level 1.7 Dodging
 - Level 1.4 Stealth
 + Level 3.2 Spellcasting
 - Level 1.6 Conjurations
 * Level 3.4 Fire Magic


You had 5 spell levels left.
You knew the following spells:

 Your Spells              Type           Power      Damage    Failure   Level
a - Foxfire               Conj/Fire      48%        2x1d6     5%          1
b - Scorch                Fire           30%        2d6       6%          2

Your spell library contained the following spells:

 Spells                   Type           Power      Damage    Failure   Level
 Slow                     Hex            8%         N/A       16%         1
 Static Discharge         Conj/Air       10%        3-4/arc   17%         2
 Inner Flame              Hex/Fire       9%         N/A       24%         3
 Kindle Blastsparks       Fire/Tloc/Air  14%        2d11      30%         3
 Confusing Touch          Hex            2%         N/A       43%         3
 Vampiric Draining        Necr           2%         2d6       43%         3
 Flame Wave               Conj/Fire      12%        2d6       50%         4
 Arcjolt                  Conj/Air       2%         1d12      97%         5
 Lightning Bolt           Conj/Air       2%         1d14      97%         5
 Maxwell's Capacitive Co  Air            1%         ∞         100%        8


Dungeon Overview and Level Annotations

Branches:
Dungeon (3/15)

Altars:


Innate Abilities, Weirdness & Mutations

You are too large for most types of armour.
You have tough skin. (AC +1)


Message History

You conjure some foxfire!
The adder closely misses you.
The foxfire hits the adder.
The adder is moderately wounded.
The foxfire hits the adder.
The adder is heavily wounded.
Your magical contamination has completely faded away.
You closely miss the adder.
The adder is heavily wounded.
The adder bites you.
You are poisoned.
The adder poisons you! The bat hits you. The adder bites you.
You miss the adder.
The adder is heavily wounded.
You feel sick. The bat barely misses you.
The bat hits you but does no damage. x2
The adder bites you.
* * * LOW HITPOINT WARNING * * *
You are lethally poisoned!
The adder poisons you!
You barely miss the adder.
The adder is heavily wounded.
* * * LOW HITPOINT WARNING * * *
You feel sick. The bat hits you but does no damage.
The adder bites you but does no damage.
You hit the adder.
The adder is severely wounded.
* * * LOW HITPOINT WARNING * * *
You feel sick. The adder barely misses you. The bat closely misses you.
The adder bites you but does no damage.
You barely miss the adder.
The adder is severely wounded.
* * * LOW HITPOINT WARNING * * *
You feel sick. The bat hits you but does no damage. The adder bites you.
* * * LOW HITPOINT WARNING * * *
You hit the adder.
The adder is severely wounded.
* * * LOW HITPOINT WARNING * * *
You feel sick. The adder barely misses you. The bat closely misses you.
You miss the adder.
The adder is severely wounded.
You die...

#...#..# ### ## #..## #.. ..#
##.# #.# #.# #.######.### #.#
#.# #.##.... ..# #.. #.#
##.#..# #.# #.####.# ##.#...#
#.# #.##.... #.###Sb# #.#
#....†.. ####.#..@#
#.###.##.#.#
######.###....#####.....##.†##
#
#.....#.##.#...[.....#####.##
# #.##.....#.#......##.# #..##
# #.#........###.....#.# #...#
####.##.....#.###.....#.#
##.#.
.....###...##...........# #.##
###### ##.#########...### #.##
#### #.# #...# #...


You could see an adder and a bat.

Vanquished Creatures
  An adder (D:2)
  A dart slug (D:1)
  5 ball pythons
  6 endoplasms
  4 giant cockroaches
  4 goblins
  A hobgoblin (D:1)
  2 jackals (D:1)
  4 bats
  4 frilled lizards
  2 kobolds (D:1)
  5 rats
39 creatures vanquished.

Vanquished Creatures (others)
  24 foxfires
  A plant (D:1)
25 creatures vanquished.

Grand Total: 64 creatures vanquished

Notes
Turn   | Place    | Note
-------+----------+-------------------------------------------
     0 | D:1      | writerjack the Ogre Fire Elementalist began the quest for
                  | the Orb.
     0 | D:1      | Reached XP level 1. HP: 16/16 MP: 3/3
    75 | D:1      | Reached skill level 1 in Conjurations
   572 | D:1      | Reached XP level 2. HP: 24/24 MP: 2/5
   603 | D:1      | Learned a level 2 spell: Scorch
   699 | D:1      | Found a faded altar of an unknown god.
  1520 | D:1      | Reached XP level 3. HP: 31/31 MP: 4/7
  2675 | D:2      | HP: 1/31 [poisoned by an adder]
  2676 | D:2      | Succumbed to an adder's poison

Illustrated notes

Levels and vault maps discovered:
D:1:      minmay_arrival_stair_chambers, layout_basic, serial_corexii_hall,
          corexii_hall_statues_i, corexii_hall_statues_deadend,
          chequers_hall_statues_y, corexii_hall_statues_x,
          shapermc_ecumenical_altar_ellora, grunt_decor_arrowhead,
          minmay_split_cup_small
D:2:      layout_loops_cross
D:3:      layout_loops_ring, mainiacjoe_overflow_catch_the_wave, serial_shops,
          nicolae_diamond_shop, shop, shop, shop

Skill      XL: |  1  2  3 |
---------------+----------+-----
Conjurations   | 1 |  1.6
Fire Magic     | 3 |  3.4
Spellcasting   | 3 |  3.2
Dodging        | |  1.7
Stealth        | |  1.4

Action                   || total
-------------------------++-------
Melee: Unarmed           ||    34
       Dagger            ||   149
       Punch             ||     1
 Cast: Foxfire           ||    16
       Scorch            ||     8
  Use: Potion            ||     1
 Stab: Sleeping          ||     1
Armor: Robe              ||    95
Dodge: Dodged            ||   144

Table legend: (Time is in decaauts)
 A = Elapsed time spent in this place.
 B = Non-inter-level travel time spent in this place.
 C = Inter-level travel time spent in this place.
 D = Time resting spent in this place.
 E = Time spent auto-exploring this place.
 F = Levels seen in this place.
 G = Mean time per level.
                   A        B        C        D        E       F      G
               +--------+--------+--------+--------+--------+-----+--------+
         Total |   2676 |   2676 |      0 |    838 |   1206 |   3 |  892.0 |
       Dungeon |   2676 |   2676 |      0 |    838 |   1206 |   3 |  892.0 |
               +--------+--------+--------+--------+--------+-----+--------+

Top non-repeatable levels by time:
     D:1: 1835 daAuts
     D:2: 839 daAuts
     D:3: 1 daAuts
